 Dungeon Crawl Stone Soup version 0.30-a0-930-gb9d0489357 (webtiles) character file.

Game seed: 1481635354923052396

8437 jasper the Spear-Bearer (level 11, 0/64 HPs)
             Began as a Tengu Summoner on Mar 23, 2023.
             Was an Elder of Cheibriados.
             Shot with a bolt by an orc warrior (11 damage)
             ... on level 10 of the Dungeon.
             The game lasted 00:19:22 (9134 turns).

jasper the Spear-Bearer (Tengu Summoner)            Turns: 9134, Time: 00:19:23

Health: 0/64       AC: 10    Str: 24    XL:     11   Next: 30%
Magic:  16/17      EV: 13    Int: 35    God:    Cheibriados [****..]
Gold:   178        SH:  7    Dex: 23    Spells: 7/17 levels left

rFire   . . .      SeeInvis .    A - +5 trident (freeze)
rCold   . . .      Faith    .    s - +1 buckler
rNeg    . . .      Spirit   .    D - +0 scale mail
rPois   .          Reflect  .    I - +2 hat
rElec   .          Rampage  .    (no cloak)
rCorr   .                        k - +0 pair of gloves
Will    .....                    (boots unavailable)
Stlth   +                        B - amulet of magic regeneration
HPRegen 0.30/turn                h - +6 ring of strength
MPRegen 0.55/turn                J - +6 ring of intelligence

@: flying quickly and evasively, very slow
A: beak, talons 3, nimble flight
a: Renounce Religion, Bend Time, Temporal Distortion, Slouch


You were on level 10 of the Dungeon.
You worshipped Cheibriados.
Cheibriados was greatly pleased with you.
You visited 2 branches of the dungeon, and saw 11 of its levels.

You collected 678 gold pieces.
You spent 500 gold pieces at shops.

Inventory:

Hand Weapons
 e - a +2 spear of freezing
 o - a +0 trident
 u - the +7 staff of the Meek {protect, meekguard}
   (You found it on level 4 of the Dungeon)
 A - a +5 trident of freezing (weapon)
Missiles
 m - 3 throwing nets
Armour
 a - a +0 robe
 k - a +0 pair of gloves (worn)
 p - a +0 leather armour
 s - a +1 buckler (worn)
 C - a +0 ring mail
 D - a +0 scale mail (worn)
 E - a +0 kite shield
 I - a +2 hat (worn)
Jewellery
 h - a +6 ring of strength (left hand)
 v - an amulet of the acrobat
 B - an amulet of magic regeneration (around neck)
 J - a +6 ring of intelligence (right hand)
Wands
 f - a wand of paralysis (4)
 q - a wand of polymorph (9)
 r - a wand of iceblast (3)
 y - a wand of digging (1)
Scrolls
 d - 4 scrolls of teleportation
 G - a scroll of enchant armour
 K - a scroll of amnesia
Potions
 b - 4 potions of magic
 c - a potion of attraction
 g - 7 potions of curing
 l - 2 potions of lignification
 t - a potion of mutation {unknown}
 x - 2 potions of flight {unknown}
 z - a potion of ambrosia {unknown}
 F - a potion of cancellation {unknown}
 H - a potion of brilliance {unknown}


   Skills:
 - Level 5.6 Fighting
 * Level 12.2 Polearms
 - Level 6.2 Armour
 - Level 2.1 Dodging
 - Level 2.0 Stealth
 - Level 4.0 Shields
 - Level 3.5 Spellcasting
 - Level 1.0 Hexes
 - Level 10.0 Summonings
 - Level 5.5 Air Magic


You had 7 spell levels left.
You knew the following spells:

 Your Spells              Type           Power      Damage    Failure   Level
a - Summon Guardian Gole  Hex/Summ       44%        N/A       4%          3
b - Summon Lightning Spi  Summ/Air       57%        N/A       6%          4
c - Call Canine Familiar  Summ           66%        N/A       1%          3

Your spell library contained the following spells:

 Spells                   Type           Power      Damage    Failure   Level
 Summon Small Mammal      Summ           100%       N/A       1%          1
 Call Imp                 Summ           66%        N/A       1%          2
 Kindle Blastsparks       Fire/Tloc/Air  38%        2d13      21%         3
 Lesser Beckoning         Tloc           12%        N/A       22%         2
 Sublimation of Blood     Necr           6%         N/A       22%         2
 Gell's Gravitas          Tloc           6%         N/A       41%         3
 Teleport Other           Tloc           6%         N/A       41%         3
 Fulminant Prism          Conj/Hex       4%         3d5       75%         4
 Iskenderun's Mystic Bla  Conj/Tloc      6%         2d4       82%         4
 Petrify                  Tmut/Erth      6%         N/A       82%         4
 Irradiate                Conj/Tmut      3%         3d12      99%         5
 Lee's Rapid Deconstruct  Erth           3%         3d5*      99%         5


Dungeon Overview and Level Annotations

Branches:
Dungeon (10/15)            Temple (1/1) D:4            Lair (0/5) D:9
    Orc: D:9-12

Altars:
Ashenzari
Cheibriados
Dithmenos
Elyvilon
Fedhas
Hepliaklqana
Kikubaaqudgha
Makhleb
Nemelex Xobeh
Okawaru
Qazlal
Ru
Trog
Uskayaw
Wu Jian
Xom
Yredelemnul
The Shining One

Shops:
D:4 =   D:9 !


Innate Abilities, Weirdness & Mutations

You have a beak for a mouth.
You have claws for feet.
Your magical nature lets you fly swiftly and evasively.


Message History

The orc priest invokes the aid of Beogh against you.
Beogh smites you!
The orc priest hits your guardian golem with a +0 hand axe.
The orc hits your guardian golem but does no damage.
You block the orc warrior's attack.
The orc warrior unwields a +0 arbalest.
The orc warrior wields a +0 glaive.
The orc warrior closely misses your wolf.
You take 11 damage, and have 28/64 hp.
You hit the orc warrior. You freeze the orc warrior.
You claw the orc warrior, but do no damage.
The orc warrior is moderately wounded.
Your wolf closely misses the orc warrior.
The orc priest hits your guardian golem with a +0 war axe.
The orc hits your guardian golem but does no damage.
The orc warrior hits you with a +0 long sword.
The orc priest calls upon Beogh to heal the orc warrior.
The orc warrior is healed somewhat.
You take 6 damage, and have 22/64 hp.
You barely miss the orc warrior.
You claw the orc warrior, but do no damage.
The orc warrior is moderately wounded.
Your wolf bites the orc warrior.
The orc warrior hits your wolf with a +0 glaive!
Your wolf barely misses the orc warrior.
You closely miss the orc warrior.
You claw the orc warrior, but do no damage.
The orc warrior is moderately wounded.
The orc priest hits your guardian golem but does no damage.
The orc priest calls upon Beogh to heal the orc warrior.
The orc warrior is healed somewhat.
The orc hits your guardian golem with a +0 mace.
The orc warrior hits you with a +0 long sword!
* * * LOW HITPOINT WARNING * * *
Your guardian golem overheats!
The orc priest invokes the aid of Beogh against you.
Your wolf writhes in agony.
Flame seeps out of your guardian golem.
Your wolf barely misses the orc priest.
The orc warrior unwields a +0 glaive.
The orc warrior wields a +0 arbalest.
The orc warrior shoots a bolt.
The bolt hits you!
You die...

...........
...........#
.|........#
..........#
.oo......#
#o9o.....#
#ho8.....#
#o........
#.@)......
#)).......
#.).......
#........#
#........#
##########


You could see 2 orc warriors, 3 orc priests, an orc (ally target), a friendly
guardian golem (summoned, inner flame), a friendly wolf (summoned, sheltered)
and a friendly lightning spire (summoned, sheltered).

Vanquished Creatures
  2 two-headed ogres (D:7)
  7 yaks (D:9)
  A water moccasin (D:7)
  An ice beast (D:6)
  A sky beast (D:7)
  An ogre (D:8)
  A centaur (D:7)
  A phantom (D:5)
  A kobold brigand (D:7)
  4 bullfrogs
  A gnoll sergeant (D:8)
  5 scorpions
  2 wights (D:6)
  2 killer bees (D:8)
  A hound (D:6)
  2 jellies
  A gnoll bouda (D:5)
  3 orc priests
  3 orc wizards (D:7)
  3 gnolls
  An adder (D:3)
  3 white imps (D:6)
  A worm (D:4)
  21 orcs
  3 endoplasms
  A giant cockroach (D:4)
  5 goblins
  8 hobgoblins
  6 jackals
  A quokka (D:1)
  4 ball pythons
  A bat (D:3)
  9 kobolds
107 creatures vanquished.

Vanquished Creatures (collateral kills)
  Erolcha (D:9)
  Erica (D:9)
  6 yaks (D:9)
  A wraith (D:9)
  2 steam dragons
  2 orc warriors
  An ice beast (D:7)
  2 black bears
  A sky beast (D:6)
  A centaur (D:9)
  An ogre (D:6)
  A kobold brigand (D:8)
  7 wights
  2 killer bees (D:8)
  3 orc priests
  2 iguanas (D:7)
  4 orc wizards
  8 gnolls
  An adder (D:2)
  A worm (D:2)
  5 dart slugs (D:1)
  26 orcs
  5 ball pythons
  3 endoplasms (D:1)
  2 giant cockroaches
  3 jackals (D:1)
  5 kobolds
  A quokka (D:1)
  4 bats (D:1)
  2 frilled lizards
  4 goblins
  3 rats
111 creatures vanquished.

Vanquished Creatures (others)
  2 yaks (D:9)
  Edmund (D:4)
  A kobold brigand (D:5)
4 creatures vanquished.

Grand Total: 222 creatures vanquished

Notes
Turn   | Place    | Note
-------+----------+-------------------------------------------
     0 | D:1      | jasper the Tengu Summoner began the quest for the Orb.
     0 | D:1      | Reached XP level 1. HP: 10/10 MP: 4/4
    16 | D:1      | Reached skill level 5 in Summonings
   117 | D:1      | Reached XP level 2. HP: 15/15 MP: 4/6
   120 | D:1      | Learned a level 2 spell: Call Imp
   372 | D:1      | Reached XP level 3. HP: 19/19 MP: 1/7
  1193 | D:2      | Learned a level 3 spell: Call Canine Familiar
  1251 | D:2      | Reached XP level 4. HP: 22/24 MP: 1/8
  1948 | D:3      | Learned a level 3 spell: Summon Guardian Golem
  2049 | D:3      | Gained mutation: Your magical nature lets you fly swiftly
                  | and evasively. [Tengu growth]
  2049 | D:3      | Reached XP level 5. HP: 28/28 MP: 9/9
  2484 | D:3      | Found a hide-covered altar of Uskayaw.
  2696 | D:3      | Found a stormy altar of Qazlal.
  3199 | D:4      | Reached skill level 1 in Hexes
  3282 | D:4      | Found a staircase to the Ecumenical Temple.
  3282 | D:4      | Noticed Edmund
  3302 | D:4      | Killed Edmund
  3303 | D:4      | Reached XP level 6. HP: 32/32 MP: 4/12
  3308 | D:4      | Learned a level 4 spell: Summon Lightning Spire
  3343 | Temple   | Entered the Ecumenical Temple
  3470 | Temple   | Became a worshipper of Cheibriados the Contemplative
  3656 | D:4      | Found Ushutt's Jewellery Shop.
  3679 | D:4      | Reached skill level 1 in Air Magic
  3922 | D:4      | Found the +7 staff of the Meek {protect, meekguard}
  4165 | D:5      | Entered Level 5 of the Dungeon
  4283 | D:5      | Found a white marble altar of Elyvilon.
  4652 | D:5      | Found a basalt altar of Yredelemnul.
  4771 | D:5      | Reached XP level 7. HP: 35/36 MP: 6/13
  4774 | D:5      | Reached skill level 5 in Air Magic
  5276 | D:6      | Noticed a steam dragon
  5283 | D:6      | Reached XP level 8. HP: 41/41 MP: 5/14
  5362 | D:6      | Reached * piety under Cheibriados
  5441 | D:6      | Reached skill level 10 in Summonings
  5441 | D:6      | Reached skill level 1 in Polearms
  5496 | D:6      | Reached skill level 1 in Fighting
  5496 | D:6      | Reached skill level 1 in Armour
  5501 | D:6      | Reached skill level 2 in Polearms
  5577 | D:6      | Reached skill level 3 in Polearms
  5800 | D:6      | Reached skill level 4 in Polearms
  5975 | D:4      | Bought an amulet of magic regeneration for 390 gold pieces
  6122 | D:6      | Reached XP level 9. HP: 49/49 MP: 7/15
  6239 | D:6      | Reached ** piety under Cheibriados
  6240 | D:6      | Reached skill level 5 in Polearms
  6590 | D:7      | Noticed a two-headed ogre
  6597 | D:7      | Reached skill level 6 in Polearms
  6606 | D:7      | Killed a two-headed ogre
  6607 | D:7      | Reached skill level 7 in Polearms
  6690 | D:7      | Reached skill level 5 in Armour
  7013 | D:7      | Reached XP level 10. HP: 14/58 MP: 9/16
  7024 | D:7      | Reached skill level 5 in Fighting
  7024 | D:7      | Reached skill level 8 in Polearms
  7228 | D:7      | Noticed a two-headed ogre
  7238 | D:7      | Killed a two-headed ogre
  7256 | D:7      | Reached *** piety under Cheibriados
  7612 | D:8      | Reached skill level 9 in Polearms
  7705 | D:8      | Found a shimmering altar of Xom.
  7746 | D:8      | Reached skill level 1 in Shields
  7970 | D:9      | Found Binovam's Distillery.
  7978 | D:9      | Bought a potion of curing for 30 gold pieces
  7978 | D:9      | Bought a potion of magic for 80 gold pieces
  8181 | D:9      | Found a hazy altar of Hepliaklqana.
  8207 | D:9      | Reached **** piety under Cheibriados
  8234 | D:9      | Reached skill level 10 in Polearms
  8417 | D:9      | Noticed Erolcha
  8438 | D:9      | Killed Erolcha
  8439 | D:9      | Reached skill level 11 in Polearms
  8439 | D:9      | Reached XP level 11. HP: 51/64 MP: 13/17
  8493 | D:9      | Found an iron altar of Okawaru.
  8602 | D:9      | Found a staircase to the Lair.
  8738 | D:9      | Noticed Erica
  8749 | D:9      | Killed Erica
  8750 | D:9      | Reached skill level 12 in Polearms
  8950 | D:9      | Found an ancient bone altar of Kikubaaqudgha.
  9120 | D:10     | Entered Level 10 of the Dungeon
  9134 | D:10     | Shot with a bolt by an orc warrior

Illustrated notes

Levels and vault maps discovered:
D:1:      kennysheep_arrival_forest, layout_rooms
D:2:      layout_basic
D:3:      layout_basic, lemuel_round_altar,
          nicolae_uskayaw_murder_on_the_dancefloor
D:4:      layout_basic, minmay_temple_entry_junction_2, nicolae_stop_n_shop_2,
          dk_noncrumbling_2, pf_guarded_unrand_meek, uniq_edmund
D:5:      layout_basic, kennysheep_ying_yang
D:6:      layout_basic, kennysheep_flooded_box
D:7:      minmay_inner_zag, layout_rooms
D:8:      layout_cave_pools, mainiacjoe_overflow_alcove_1, grunt_ogre_cave
D:9:      layout_gridville, okawaru_trees_2, mainiacjoe_overflow_big_doors,
          lair_entry_dummy, serial_shops, nicolae_shop_statue_plus,
          uniq_erolcha, uniq_erica
D:10:     layout_roguey, nicolae_vehumet_radiance, kennysheep_mini, david_orc_3,
          minmay_dual_archer_statues
Temple:   hellmonk_temple_forest_ring

Skill      XL: |  1  2  3  4  5  6  7  8  9 10 11 |
---------------+----------------------------------+-----
Summonings     | 5 6 7 9 10 | 10.0
Hexes          | 1 |  1.0
Spellcasting   | 3 |  3.5
Air Magic      | 4 5 |  5.5
Polearms       | 4 7 11 12 | 12.2
Fighting       | 2 4 5 |  5.6
Armour         | 2 5 6 |  6.2
Shields        | 4 |  4.0
Dodging        | |  2.1
Stealth        | |  2.0

Action                     |  1- 3 |  4- 6 |  7- 9 | 10-12 || total
---------------------------+-------+-------+-------+-------++-------
  Melee: Unarmed           |    20 |       |       |     3 ||    23
         Spear             |    11 |    94 |       |       ||   105
         Kick              |     7 |    11 |    30 |    21 ||    69
         Peck              |     2 |     9 |    24 |     6 ||    41
         Quarterstaff      |       |    13 |   102 |    26 ||   141
         Trident           |       |       |       |    22 ||    22
   Cast: Summon Small Mamm |     5 |       |       |       ||     5
         Call Imp          |    23 |       |       |       ||    23
         Call Canine Famil |       |    20 |    15 |    16 ||    51
         Summon Guardian G |       |     2 |     4 |    11 ||    17
         Summon Lightning  |       |       |    10 |    10 ||    20
    Use: Potion            |     1 |     2 |       |       ||     3
         Scroll            |       |     5 |       |     8 ||    13
   Stab: Sleeping          |       |     3 |     1 |       ||     4
         Distracted        |       |     2 |     1 |     5 ||     8
 Armour: Robe              |     6 |    14 |    14 |       ||    34
         Skin              |       |     3 |       |       ||     3
         Leather armour    |       |       |     6 |       ||     6
         Ring mail         |       |       |    34 |       ||    34
         Scale mail        |       |       |       |    17 ||    17
  Dodge: Dodged            |    29 |    67 |    84 |    36 ||   216
  Block: Buckler           |       |       |       |    12 ||    12

Table legend: (Time is in decaauts)
 A = Elapsed time spent in this place.
 B = Non-inter-level travel time spent in this place.
 C = Inter-level travel time spent in this place.
 D = Time resting spent in this place.
 E = Time spent auto-exploring this place.
 F = Levels seen in this place.
 G = Mean time per level.
                   A        B        C        D        E       F      G
               +--------+--------+--------+--------+--------+-----+--------+
         Total |  10397 |   9686 |    711 |    512 |   7405 |  11 |  945.2 |
       Dungeon |  10267 |   9568 |    699 |    512 |   7310 |  10 | 1026.7 |
        Temple |    129 |    118 |     11 |      0 |     95 |   1 |  129.0 |
               +--------+--------+--------+--------+--------+-----+--------+

Top non-repeatable levels by time:
     D:9: 1545 daAuts
     D:6: 1353 daAuts
     D:5: 1259 daAuts
     D:7: 1225 daAuts
     D:4: 1115 daAuts
     D:3: 1081 daAuts
     D:1: 1018 daAuts
     D:2: 926 daAuts
     D:8: 725 daAuts
  Temple: 129 daAuts
    D:10: 16 daAuts
